 Dungeon Crawl Stone Soup version 0.27-a0-585-g945025970d (webtiles) character file.

Game seed: 11796181692032754661

666 MiFiHotspot the Covered (level 7, -4/63 HPs)
             Began as a Minotaur Fighter on Mar 10, 2021.
             Slain by an ogre
             ... wielding a +0 giant club
              (11 damage)
             ... on level 4 of the Dungeon.
             The game lasted 00:04:53 (3956 turns).

MiFiHotspot the Covered (Minotaur Fighter)          Turns: 3956, Time: 00:04:53

Health: -4/63      AC:  7    Str: 28    XL:     7   Next: 31%
Magic:  6/6        EV:  8    Int:  5    God:
Gold:   169        SH: 11    Dex: 10    Spells: 6/6 levels left

rFire    . . .     SeeInvis .   a - +0 war axe
rCold    . . .     Faith    .   c - +0 kite shield
rNeg     . . .     Spirit   .   b - +0 scale mail
rPois    .         Reflect  .   (helmet restricted)
rElec    .         Harm     .   (no cloak)
rCorr    .         Rampage  .   (no gloves)
Will     .....                  (no boots)
Stlth    ..........             (no amulet)
HPRegen  0.20/turn              (no ring)
MPRegen  0.10/turn              p - +6 ring of strength

@: no status effects
A: horns 2, retaliatory headbutt
a: no special abilities


You were on level 4 of the Dungeon.
You visited 1 branch of the dungeon, and saw 4 of its levels.

You collected 169 gold pieces.

Inventory:

Hand Weapons
 a - a +0 war axe (weapon)
Armour
 b - a +0 scale mail (worn)
 c - a +0 kite shield (worn)
Jewellery
 n - a ring of protection from cold
 o - a ring of magical power
 p - a +6 ring of strength (right hand)
Scrolls
 e - 4 scrolls of identify {unknown}
 h - a scroll of magic mapping {unknown}
 j - a scroll of random uselessness {unknown}
 l - a scroll of enchant weapon {unknown}
 m - 2 scrolls of amnesia {unknown}
 q - a scroll of fog {unknown}
Potions
 d - a potion of might
 f - 2 potions of mutation {unknown}
 g - a potion of heal wounds {unknown}
 i - a potion of brilliance {unknown}
 k - 2 potions of lignification {unknown}


   Skills:
 + Level 6.0 Fighting
 + Level 5.3 Axes
 + Level 6.0 Armour
 + Level 5.9 Shields


You had 6 spell levels left.
You didn't know any spells.
Your spell library was empty.

Dungeon Overview and Level Annotations

Branches:
Dungeon (4/15)
 Temple: D:4-7

Altars:
Hepliaklqana
Okawaru
Qazlal
Trog
Yredelemnul


Innate Abilities, Weirdness & Mutations

You have a pair of horns on your head.
You reflexively headbutt those who attack you in melee.


Message History

Your Fighting skill increases to level 6!
Your Armour skill increases to level 6!
No target in view!
Found 6 javelins.
k - 2 fuming orange potions (gained 1)
There is a stone staircase leading down here.
Found a scale mail.
Things that are here:
a +0 war axe; 3 boomerangs; an orc skeleton You see here 22 stones.
Found a short sword.
An ogre comes into view. It is wielding a +0 giant club.
You see here a +0 short sword.
The ogre shouts!
The ogre hits you with a +0 giant club!!
You hit the ogre.
The ogre is lightly wounded.
You block the ogre's attack.
You hit the ogre. You headbutt the ogre.
The ogre is moderately wounded.
You block the ogre's attack.
You hit the ogre.
The ogre is moderately wounded.
The ogre hits you with a +0 giant club!!
You are too injured to fight recklessly!
You are too injured to fight recklessly!
You are too injured to fight recklessly!
The ogre barely misses you. The ogre hits you with a +0 giant club!
* * * LOW HITPOINT WARNING * * *
You see here a +0 short sword.
You see here 22 stones.
Things that are here:
a +0 war axe; 3 boomerangs; an orc skeleton The ogre hits you with a +0 giant club!
* * * LOW HITPOINT WARNING * * *
Things that are here:
a +0 dagger; a +0 robe The ogre hits you with a +0 giant club!
You die...

#######...# #.## ##.
#........# ##.# #.
#..##....# #.# ##.
#[####...# #.# ##.. #.#
#...# ##.# #... #.# #...##
##.## ##... #<#
#....###.#####..## #.#
#.O.........##.## ..#
#@..........##.## ....
#....P.##.......#
...........#P..§#......##
###.........#.P.......#..#
#..........#P#..P..#....
##......#......_§#§.P.#.
.##...#....#......#### #.
#...###...#§§..## #
#...P(.... #


You could see an ogre.

Vanquished Creatures
  Grinder (D:4)
  Duvessa (D:4)
  A phantom (D:4)
  Dowan (D:4)
  A scorpion (D:4)
  An orc wizard (D:3)
  Terence (D:2)
  A hound skeleton (D:4)
  5 adders
  A shadow imp (D:3)
  A worm (D:3)
  A leopard gecko (D:3)
  3 orcs
  A giant cockroach (D:4)
  9 goblins
  5 hobgoblins
  7 jackals
  2 quokkas
  A ball python (D:2)
  8 bats
  4 frilled lizards
  7 kobolds
  7 rats
70 creatures vanquished.

Vanquished Creatures (others)
  4 plants (D:4)
4 creatures vanquished.

Grand Total: 74 creatures vanquished

Notes
Turn   | Place    | Note
-------+----------+-------------------------------------------
     0 | D:1      | MiFiHotspot the Minotaur Fighter began the quest for the
                  | Orb.
     0 | D:1      | Reached XP level 1. HP: 19/19 MP: 0/0
   496 | D:1      | Reached XP level 2. HP: 27/27 MP: 1/1
   980 | D:2      | Found a basalt altar of Yredelemnul.
  1006 | D:2      | Noticed Terence
  1017 | D:2      | HP: 1/27 [Terence/+0 flail (8)]
  1019 | D:2      | Killed Terence
  1020 | D:2      | Reached XP level 3. HP: 2/33 MP: 2/2
  1460 | D:2      | Found a bloodstained altar of Trog.
  2369 | D:3      | Reached XP level 4. HP: 41/41 MP: 3/3
  3123 | D:4      | Noticed Dowan
  3124 | D:4      | Noticed Duvessa
  3140 | D:4      | Killed Duvessa
  3141 | D:4      | Reached skill level 5 in Fighting
  3141 | D:4      | Reached skill level 5 in Armour
  3141 | D:4      | Reached XP level 5. HP: 5/48 MP: 4/4
  3423 | D:4      | Found a hazy altar of Hepliaklqana.
  3431 | D:4      | Reached skill level 5 in Shields
  3436 | D:4      | Reached XP level 6. HP: 56/56 MP: 5/5
  3463 | D:4      | Killed Dowan
  3477 | D:4      | Found an iron altar of Okawaru.
  3497 | D:4      | Found a stormy altar of Qazlal.
  3647 | D:4      | Noticed Grinder
  3652 | D:4      | Paralysed by Grinder for 4 turns
  3661 | D:4      | Killed Grinder
  3662 | D:4      | Reached skill level 5 in Axes
  3662 | D:4      | Reached XP level 7. HP: 60/62 MP: 6/6
  3938 | D:4      | HP: 3/63 [ogre/+0 giant club (16)]
  3956 | D:4      | Slain by an ogre

Illustrated notes

Levels and vault maps discovered:
D:1:      amcnicky_arrival_double_pillar, layout_loops_ring
D:2:      layout_basic, yredelemnul_altar_generic, marbit_many_paths,
          uniq_terence
D:3:      layout_loops_ring
D:4:      layout_layer_cave, nicolae_hepliaklqana_hazy_memory,
          lemuel_doored_altar, grunt_qazlal_clouds, uniq_eustachio,
          uniq_grinder, uniq_duvessa

Skill      XL: |  1  2  3  4  5  6  7 |
---------------+----------------------+-----
Fighting       | 4 5 6 |  6.0
Axes           | 3 4 5 |  5.3
Armour         | 4 5 6 |  6.0
Shields        | 4 5 |  5.9

Action                   |  1- 3 |  4- 6 |  7- 9 || total
-------------------------+-------+-------+-------++-------
Melee: War axe           |    89 |    83 |    14 ||   186
       Headbutt          |    12 |    16 |     3 ||    31
  Use: Potion            |       |     1 |       ||     1
Armor: Scale mail        |    43 |    35 |     5 ||    83
Dodge: Dodged            |    30 |    30 |     3 ||    63
Block: Kite shield       |    40 |    47 |     9 ||    96

Table legend: (Time is in decaauts)
 A = Elapsed time spent in this place.
 B = Non-inter-level travel time spent in this place.
 C = Inter-level travel time spent in this place.
 D = Time resting spent in this place.
 E = Time spent auto-exploring this place.
 F = Levels seen in this place.
 G = Mean time per level.
                   A        B        C        D        E       F      G
               +--------+--------+--------+--------+--------+-----+--------+
         Total |   4055 |   3934 |    121 |      0 |   3385 |   4 | 1013.8 |
       Dungeon |   4055 |   3934 |    121 |      0 |   3385 |   4 | 1013.8 |
               +--------+--------+--------+--------+--------+-----+--------+

Top non-repeatable levels by time:
     D:2: 1347 daAuts
     D:3: 1253 daAuts
     D:1: 853 daAuts
     D:4: 601 daAuts
